 Dungeon Crawl Stone Soup version 0.28.0-1-gb440e238dd (webtiles) character file.

Game seed: 17612025972079708227

128 fknight the Chopper (level 5, -1/47 HPs)
             Began as a Hill Orc Monk on Feb 28, 2022.
             Slain by an orc (5 damage)
             ... on level 3 of the Dungeon.
             The game lasted 00:07:43 (2557 turns).

fknight the Chopper (Hill Orc Monk)                 Turns: 2557, Time: 00:07:43

Health: -1/47      AC:  7    Str: 16    XL:     5   Next: 12%
Magic:  5/5        EV: 10    Int: 10    God:
Gold:   132        SH:  5    Dex: 13    Spells: 4/4 levels left

rFire   . . .      SeeInvis .   a - +0 hand axe
rCold   . . .      Faith    .   (no shield)
rNeg    . . .      Spirit   .   h - +0 scale mail
rPois   .          Reflect  +   r - +0 helmet
rElec   .          Harm     .   (no cloak)
rCorr   .          Rampage  .   (no gloves)
Will    .....                   (no boots)
Stlth   +.........              k - amulet of reflection
HPRegen 0.15/turn               (no ring)
MPRegen 0.09/turn               (no ring)

@: no status effects
A: no striking features
a: no special abilities


You were on level 3 of the Dungeon.
You visited 1 branch of the dungeon, and saw 3 of its levels.

You collected 132 gold pieces.

Inventory:

Hand Weapons
 a - a +0 hand axe (weapon)
 g - a +0 spear
 p - a +0 hunting sling
Missiles
 d - 5 poisoned darts
 f - 48 stones (quivered)
Armour
 b - a +0 robe
 c - a +0 ring mail
 h - a +0 scale mail (worn)
 r - a +0 helmet (worn)
Jewellery
 k - an amulet of reflection (around neck)
Scrolls
 e - a scroll of immolation {unknown}
 i - a scroll of fog {unknown}
 j - 2 scrolls of teleportation
 n - a scroll of holy word {unknown}
 o - a scroll of identify
 s - a scroll of blinking {unknown}
Potions
 l - a potion of degeneration
 m - 2 potions of mutation
 q - a potion of brilliance {unknown}
 t - a potion of curing {unknown}


   Skills:
 + Level 4.6 Fighting
 + Level 5.0 Axes
 + Level 3.1 Dodging
 + Level 2.6 Stealth


You had 4 spell levels left.
You didn't know any spells.
Your spell library was empty.

Dungeon Overview and Level Annotations

Branches:
Dungeon (3/15)

Altars:


Message History

Found 9 gold pieces.
The orc shouts!
An orc comes into view. It is wielding a +0 dagger.
Found a stone staircase leading down.
The orc shouts!
You see here a stone.
The orc hits you but does no damage.
You see here a stone.
You hit the orc.
The orc is almost dead.
The orc hits you with a +0 dagger.
* * * LOW HITPOINT WARNING * * *
You barely miss the orc.
The orc is almost dead.
The orc barely misses you.
You closely miss the orc.
The orc is almost dead.
The orc hits you with a +0 dagger.
* * * LOW HITPOINT WARNING * * *
You hit the orc.
You kill the orc!
You hit the orc. You punch the orc, but do no damage.
The orc is lightly wounded.
The orc hits you with a +0 club.
* * * LOW HITPOINT WARNING * * *
You hit the orc.
The orc is moderately wounded.
The orc hits you with a +0 club.
* * * LOW HITPOINT WARNING * * *
You barely miss the orc.
The orc is moderately wounded.
The orc hits you with a +0 club.
* * * LOW HITPOINT WARNING * * *
You hit the orc.
The orc is heavily wounded.
The orc hits you but does no damage.
You completely miss the orc.
The orc is heavily wounded.
The orc hits you with a +0 club.
You die...

### ..$#
##################....##
.............)..@o....>#
######...####†.###....##
#...# #..# ...# #...#
#..# ..# ###..# #..# ##
##.# #..# ### .# #..#
... .. .... ## #..#


You could see an orc.

Vanquished Creatures
  A hound (D:3)
  An orc wizard (D:3)
  Robin (D:2)
  An adder (D:2)
  An orc (D:3)
  4 bats
  8 endoplasms
  A giant cockroach (D:3)
  5 hobgoblins
  4 jackals (D:3)
  2 quokkas
  A ball python (D:2)
  9 frilled lizards
  9 goblins
  2 kobolds (D:1)
  5 rats
55 creatures vanquished.

Notes
Turn   | Place    | Note
-------+----------+-------------------------------------------
     0 | D:1      | fknight the Hill Orc Monk began the quest for the Orb.
     0 | D:1      | Reached XP level 1. HP: 19/19 MP: 1/1
   308 | D:1      | Reached XP level 2. HP: 20/27 MP: 2/2
   445 | D:1      | Found a faded altar of an unknown god.
  1273 | D:2      | Reached XP level 3. HP: 30/33 MP: 3/3
  1405 | D:2      | Noticed Robin
  1922 | D:2      | Killed Robin
  2137 | D:2      | Reached XP level 4. HP: 34/40 MP: 4/4
  2541 | D:3      | Reached skill level 5 in Axes
  2541 | D:3      | Reached XP level 5. HP: 9/47 MP: 5/5
  2557 | D:3      | Slain by an orc

Illustrated notes

Levels and vault maps discovered:
D:1:      heliophobic_arrival_battle_scene, layout_loops_ring,
          ebering_ecumenical_altar_webs
D:2:      layout_loops_ring, kennysheep_generic_room_13, uniq_robin
D:3:      layout_basic, serial_glass, glass_columns_c, glass_columns_b,
          minmay_strange_pillars, minmay_strange_pillars, due_unseen_surprise,
          roderic_batcave

Skill      XL: |  1  2  3  4 |
---------------+-------------+-----
Stealth        | 2 |  2.6
Fighting       | 4 |  4.6
Dodging        | 3 |  3.1
Axes           | 5 |  5.0

Action                   |  1- 3 |  4- 6 || total
-------------------------+-------+-------++-------
Melee: Hand axe          |   126 |    88 ||   214
       Punch             |       |     2 ||     2
 Fire: Hunting sling     |     1 |     1 ||     2
Throw: Stone             |     5 |       ||     5
  Use: Scroll            |     3 |       ||     3
Armor: Ring mail         |     6 |       ||     6
       Scale mail        |    40 |    51 ||    91
Dodge: Dodged            |    59 |    38 ||    97
Block: Other             |    20 |    30 ||    50
